 Dungeon Crawl Stone Soup version 0.29.1-1-gd02db6906a (webtiles) character file.

Game seed: 3232257893635729107

331 lonewolfV2 the Shield-Bearer (level 6, -6/61 HPs)
             Began as a Troll Fighter on Oct 17, 2022.
             Mangled by a hornet zombie (12 damage)
             ... on level 6 of the Dungeon.
             The game lasted 00:03:59 (2506 turns).

lonewolfV2 the Shield-Bearer (Troll Fighter)        Turns: 2506, Time: 00:04:00

Health: -6/61      AC:  4    Str: 27    XL:     6   Next: 26%
Magic:  5/5        EV: 10    Int:  4    God:
Gold:   127        SH:  0    Dex:  9    Spells: 5/5 levels left

rFire   . . .      SeeInvis .   i - +2 great sword (flame)
rCold   . . .      Faith    .   (shield currently unavailable)
rNeg    . . .      Spirit   .   a - +0 robe
rPois   .          Reflect  .   (helmet restricted)
rElec   .          Harm     .   (no cloak)
rCorr   .          Rampage  .   (gloves unavailable)
Will    .....                   (boots unavailable)
Stlth   +.........              (no amulet)
HPRegen 1.00/turn               (no ring)
MPRegen 0.09/turn               (no ring)

@: no status effects
A: large, unfitting armour, claws 3, regeneration 1, shaggy fur 1, tough skin 1
a: no special abilities


You were on level 6 of the Dungeon.
You visited 1 branch of the dungeon, and saw 4 of its levels.

You collected 127 gold pieces.

Inventory:

Hand Weapons
 i - a +2 great sword of flaming (weapon)
Armour
 a - a +0 robe (worn)
 b - a +0 kite shield
Jewellery
 c - an amulet of the acrobat
 j - a ring of positive energy
Scrolls
 d - 3 scrolls of magic mapping {unknown}
 e - 2 scrolls of enchant weapon {unknown}
 g - 2 scrolls of identify {unknown}
 k - 4 scrolls of teleportation {unknown}
Potions
 f - a potion of curing
 h - a potion of cancellation {unknown}
 l - a potion of magic {unknown}
 m - a potion of invisibility {unknown}
 n - 2 potions of lignification {unknown}


   Skills:
 + Level 3.2 Fighting
 * Level 2.5 Long Blades
 + Level 3.3 Dodging
 + Level 3.6 Shields
 + Level 3.3 Unarmed Combat


You had 5 spell levels left.
You didn't know any spells.
Your spell library was empty.

Dungeon Overview and Level Annotations

Branches:
Dungeon (3/15)

Altars:
Vehumet


Innate Abilities, Weirdness & Mutations

You are too large for most types of armour.
You have claws for hands.
Your natural rate of healing is unusually fast.
You are covered in fur. (AC +1)
You have tough skin. (AC +1)


Message History

The ufetubus closely misses you. The ufetubus hits you.
* * * LOW HITPOINT WARNING * * *
The ufetubus misses you. The ufetubus hits you.
* * * LOW HITPOINT WARNING * * *
The ufetubus hits you.
* * * LOW HITPOINT WARNING * * *
The ufetubus barely misses you.
Your life force feels restored.
You slash the ufetubus! You burn the ufetubus.
You kill the ufetubus!
A wight comes into view. It is wielding a +0 morningstar.
The wight moves out of view.
You start resting.
A wight comes into view. It is wielding a +0 battleaxe.
A wight is nearby!
A wight is nearby!
A wight is nearby!
A wight is nearby!
The wight moves out of view.
A hornet zombie comes into view.
You start resting.
HP restored.
You start waiting.
You start waiting.
A hornet zombie is nearby!
A hornet zombie is nearby!
The hornet zombie closely misses you. The hornet zombie barely misses you.
The hornet zombie hits you.
You hit the hornet zombie but do no damage.
The hornet zombie hits you! x2
You slash the hornet zombie! You burn the hornet zombie.
The hornet zombie is heavily damaged.
The hornet zombie hits you! x2
* * * LOW HITPOINT WARNING * * *
You closely miss the hornet zombie.
The hornet zombie is heavily damaged.
The hornet zombie hits you!
* * * LOW HITPOINT WARNING * * *
The hornet zombie hits you!
You die...

.....#.#.##### .....#.......#
._...........##
.....#........####
.....#......P.~P.### #####
....##......~~≈~...# ##...##
#.####......~~~..#.###.....##
........÷..P~~~.....#.......#
.#####......~~~Z@##.....§...#
.# #####.P..≈..####...§...#
.####### #..######
##..§§§.§.. ........ ##.#
...§§§§... ##...... #.#
#..§P§§§.## .....[ #.#
...§~§~~.# ..... #.#
.##.Z~~z~~# ##.## #.. ..
##.~~~~.. .# ##.


You could see a hornet zombie.

Vanquished Creatures
  A steam dragon (D:6)
  A necrophage (D:6)
  A bullfrog skeleton (D:6)
  A hound (D:3)
  2 adders
  A white imp (D:6)
  An ufetubus (D:6)
  A worm (D:2)
  A dart slug (D:3)
  4 orcs (D:3)
  5 ball pythons
  3 endoplasms
  2 giant cockroaches (D:1)
  2 goblins
  2 hobgoblins
  6 jackals
  4 kobolds
  7 bats
  2 frilled lizards
  4 rats
51 creatures vanquished.

Vanquished Creatures (others)
  10 withered plants (D:6)
10 creatures vanquished.

Grand Total: 61 creatures vanquished

Notes
Turn   | Place    | Note
-------+----------+-------------------------------------------
     0 | D:1      | lonewolfV2 the Troll Fighter began the quest for the Orb.
     0 | D:1      | Reached XP level 1. HP: 22/22 MP: 0/0
   319 | D:1      | Reached XP level 2. HP: 29/29 MP: 1/1
   553 | D:1      | Found a faded altar of an unknown god.
  1119 | D:2      | Reached XP level 3. HP: 36/36 MP: 2/2
  1833 | D:3      | Reached skill level 1 in Long Blades
  1833 | D:3      | Reached XP level 4. HP: 30/44 MP: 3/3
  2017 | D:3      | You fall into a shaft and drop 3 floors!
  2024 | D:6      | Noticed a steam dragon
  2032 | D:6      | Killed a steam dragon
  2033 | D:6      | Reached XP level 5. HP: 23/53 MP: 4/4
  2184 | D:6      | Found a radiant altar of Vehumet.
  2199 | D:6      | Reached XP level 6. HP: 48/59 MP: 5/5
  2272 | D:6      | HP: 1/60 [bullfrog skeleton (5)]
  2506 | D:6      | Mangled by a hornet zombie

Illustrated notes

Levels and vault maps discovered:
D:1:      dpeg_arrival_court, layout_basic, ebering_ecumenical_altar_hall,
          roderic_roman_lattice, minmay_box_of_dots
D:2:      layout_loops_ring
D:3:      layout_rooms, serial_aquarium, aquarium_bridge_square
          [aquarium_subvault_bridge, aquarium_subvault_wall,
          aquarium_subvault_bridge, aquarium_subvault_wall],
          aquarium_bridge_straight [aquarium_subvault_bridge,
          aquarium_subvault_balcony, aquarium_subvault_bridge,
          aquarium_subvault_balcony], aquarium_window_corridor_3,
          aquarium_window_1, aquarium_view_2e, kennysheep_decorative_pillar,
          uniq_natasha
D:6:      layout_rooms, old_standard_altar, serial_undead, serial_undead_e,
          serial_undead_a, serial_undead_c, serial_undead_f, serial_undead_d,
          serial_undead_f, serial_undead_c, serial_undead_c, serial_undead_b,
          serial_undead_f, minmay_manual_monstrance

Skill      XL: |  1  2  3  4 |
---------------+-------------+-----
Shields        | 3 |  3.6
Long Blades    | 1 2 |  2.5
Fighting       | 3 |  3.2
Dodging        | 3 |  3.3
Unarmed Combat | 3 |  3.3

Action                   |  1- 3 |  4- 6 || total
-------------------------+-------+-------++-------
Melee: Unarmed           |    45 |       ||    45
       Great sword       |    60 |    47 ||   107
  Use: Potion            |       |     2 ||     2
 Stab: Sleeping          |     2 |       ||     2
Armor: Robe              |    63 |    26 ||    89
Dodge: Dodged            |    82 |    70 ||   152
Block: Kite shield       |    12 |       ||    12
